 Dungeon Crawl Stone Soup version 0.20-a0-493-g19c8d8d (webtiles) character file.

45905 Colliwobble the Severer (level 14, -2/148 HPs)
             Began as a Minotaur Berserker on Jan 15, 2017.
             Was the Champion of Trog.
             Slain by an orc warrior
             ... wielding a +0 glaive
              (9 damage)
             ... on level 1 of the Orcish Mines on Jan 17, 2017.
             The game lasted 00:38:28 (19460 turns).

Colliwobble the Severer (Minotaur Berserker)       Turns: 19460, Time: 00:38:28

Health: -2/148     AC: 16    Str: 27    XL:     14   Next: 2%
Magic:  4/4        EV:  9    Int:  4    God:    Trog [******]
Gold:   1062       SH:  0    Dex: 14    Spells: 13/13 levels left

rFire    . . .     SeeInvis .   a - +3 executioner's axe (antimagic)
rCold    . . .     Gourm    +   r - +0 plate armour
rNeg     . . .     Faith    .   (shield currently unavailable)
rPois    .         Spirit   .   (helmet restricted)
rElec    .         Reflect  .   x - +1 cloak
rCorr    .         Harm     .   Y - +0 pair of gloves
MR       +++..                  T - +2 pair of boots
Stlth    ..........             N - amulet of the gourmand
Regen    1.4/turn               B - ring of stealth
                                e - +4 ring of dexterity

@: lethally poisoned (-2 -> -2), exhausted, corroded, regenerating, slowed, very
slow
A: retaliatory headbutt, horns 2, high mp 1, robust 1
a: Berserk, Trog's Hand, Brothers in Arms, Burn Spellbooks, Renounce Religion


You were on level 1 of the Orcish Mines.
You worshipped Trog.
Trog was exalted by your worship.
You were very full.

You visited 4 branches of the dungeon, and saw 20 of its levels.

You collected 1182 gold pieces.
You spent 120 gold pieces at shops.

Inventory:

Hand Weapons
 a - a +3 antimagic executioner's axe (weapon)
 b - a +0 shortbow of velocity
 M - a +2 mace of freezing
Missiles
 D - 4 throwing nets (quivered)
 S - 205 arrows
Armour
 r - a +0 plate armour (worn)
 x - a +1 cloak (worn)
 T - a +2 pair of boots (worn)
 Y - a +0 pair of gloves (worn)
Jewellery
 e - a +4 ring of dexterity (left hand)
 i - an uncursed ring of protection from cold
 B - a ring of stealth (right hand)
 J - an uncursed amulet of magic regeneration {unknown}
 L - a cursed amulet of inaccuracy {unknown}
 N - an amulet of the gourmand (around neck)
Wands
 s - a wand of iceblast (10/15)
 u - a wand of lightning (15/15)
 H - a wand of paralysis (12/24)
 O - a wand of acid (2/15)
Scrolls
 h - 10 scrolls of teleportation
 j - 3 scrolls of enchant weapon {unknown}
 k - 6 scrolls of remove curse
 m - 2 scrolls of enchant armour {unknown}
 o - 3 scrolls of magic mapping
 p - 4 scrolls of fog {unknown}
 q - 3 scrolls of recharging
 v - 3 scrolls of blinking {unknown}
 y - 3 scrolls of fear {unknown}
 C - a scroll of holy word {unknown}
 Q - a scroll of vulnerability {unknown}
 U - 5 scrolls of random uselessness {unknown}
 Z - a scroll of summoning {unknown}
Potions
 f - 3 potions of flight
 g - 5 potions of lignification
 l - a potion of might
 n - 8 potions of curing
 t - 6 potions of heal wounds
 z - 5 potions of haste
 F - 3 potions of ambrosia
 G - a potion of agility
 I - 2 potions of magic
 R - a potion of brilliance
Books
 K - a book of Changes

   Spells                             Type                      Level
   a - Beastly Appendage              Transmutation                1
   b - Sticks to Snakes               Transmutation                2
   c - Spider Form                    Transmutation/Poison         3
   d - Ice Form                       Ice/Transmutation            4
   e - Blade Hands                    Transmutation                5
   Trog disapproves of the use of such an item.
Miscellaneous
 W - a phial of floods
Comestibles
 c - 15 bread rations
 d - 20 chunks of flesh
 w - 10 beef jerkies
 A - 7 fruits
 E - 7 meat rations
 P - 9 royal jellies
 X - 2 slices of pizza


   Skills:
 - Level 15.4 Fighting
 + Level 17.3 Axes
 + Level 6.2 Bows
 - Level 15.1 Armour
 - Level 2.1 Dodging


You had 13 spell levels left.
You didn't know any spells.

Dungeon Overview and Level Annotations

Branches:
Dungeon (12/15)            Temple (1/1) D:5            Lair (5/6) D:10
  Swamp (0/4) Lair:3       Spider (0/4) Lair:4          Orc (2/2) D:12
  Slime: Lair:5-6       Elf: Orc:2

Altars:
Ashenzari
Cheibriados
Dithmenos
Elyvilon
Gozag
Hepliaklqana
Nemelex Xobeh
Ru
Zin
The Shining One

Shops:
D:9 ?   Orc:2 *

Annotations:
D:9 exclusion: downstairs


Innate Abilities, Weirdness & Mutations

You reflexively headbutt those who attack you in melee.
You have a pair of horns on your head.
You have an increased reservoir of magic. (+10% MP)
You are robust. (+10% HP)


Message History

The orc warrior hits you but does no damage.
The orc warrior misses you.
The orc warrior hits you but does no damage.
The orc warrior hits you from afar with a glaive.
* * * LOW HITPOINT WARNING * * *
The orc warrior barely misses you.
You feel sick.
The orc warrior hits you with a long sword.
* * * LOW HITPOINT WARNING * * *
The orc warrior hits you but does no damage.
You feel the effects of Trog's Hand fading.
The orc warrior hits you with a long sword!
* * * LOW HITPOINT WARNING * * *
You feel sick. The orc warrior barely misses you. You furiously retaliate!
You headbutt the orc warrior. The orc warrior barely misses you.
The orc warrior hits you with a long sword.
* * * LOW HITPOINT WARNING * * *
The orc warrior hits you but does no damage.
The orc warrior hits you from afar with a glaive!
You die...

### ##.##..........
##.###.......#######
#..........#.8... #
##......#....#######
#...................
##..................
##.#.....#...........
#....^o..............
##..@o..[.....#......
#.......><..........#
#.......()....#.....#
##..................#
#........(#..........
##.......^#.......#.#
#............##...#.#
##.##...#.#.##.......
#...##.###....#.....#


You could see 2 orc warriors.

Vanquished Creatures
  Harold (Lair:2)
  A death knight (D:11)
  6 hydras
  6 two-headed ogres
  A queen ant (Lair:2)
  An orc high priest (Orc:2)
  Urug (Lair:2)
  A skeletal warrior (D:11)
  The ghost of pichaelthompson the Chopper, a novice DsGl of Cheibriados (D:7)
  An orc sorcerer (Orc:2)
  A cyclops (Orc:1)
  An ugly thing (D:9)
  3 black mambas
  A centaur skeleton (D:12)
  8 spiny frogs
  5 komodo dragons
  A troll (D:9)
  2 hornets
  2 polar bears
  2 tyrant leeches (Lair:3)
  Prince Ribbit (Lair:2)
  7 blink frogs
  7 hippogriffs
  5 wraiths
  A redback (Lair:4)
  2 wyverns
  A basilisk (Lair:3)
  48 yaks
  3 hungry ghosts (D:12)
  A warg (Orc:1)
  Edmund (D:5)
  A swamp worm (Lair:3)
  Duvessa (D:5)
  12 water moccasins
  22 soldier ants
  A two-headed ogre zombie (D:12)
  9 porcupines
  2 hell hounds (D:10)
  2 black bears
  12 orc warriors
  5 ice beasts
  5 ogres
  16 wolves
  2 eyes of draining
  A phantom (D:12)
  8 centaurs
  11 crocodiles
  3 big kobolds
  19 bullfrogs
  A wyvern zombie (D:7)
  3 scorpions
  2 troll zombies (D:12)
  Dowan (D:5)
  11 killer bees
  An electric eel (Lair:5)
  3 wights (D:7)
  A howler monkey (D:12)
  9 crimson imps
  A quasit (D:7)
  A bullfrog skeleton (D:12)
  8 hounds
  2 jellies
  10 orc priests
  9 orc wizards
  2 iguanas
  5 hell rats (Lair:5)
  Ijyb (D:2)
  25 worker ants
  5 ogre zombies (D:12)
  2 hound skeletons
  A worker ant zombie (D:6)
  A howler monkey zombie (D:7)
  3 gnolls (D:8)
  12 adders
  An ooze (D:1)
  An adder skeleton (D:9)
  An adder zombie (D:8)
  A worm (D:2)
  3 dart slugs
  3 leopard geckos
  29 orcs
  2 bats
  4 giant cockroaches
  6 goblins
  3 hobgoblins
  12 jackals
  12 kobolds
  A quokka (D:11)
  2 frilled lizards
  A giant cockroach zombie (D:6)
  A goblin skeleton (D:12)
  A goblin zombie (D:12)
  2 hobgoblin skeletons (D:12)
  A jackal skeleton (D:4)
  A leopard gecko skeleton (D:5)
  5 orc skeletons (D:12)
  16 orc zombies (D:12)
  A quokka zombie (D:8)
  3 rats
  2 fungi
  2 plants
492 creatures vanquished.

Vanquished Creatures (others)
  5 fungi
  5 plants
10 creatures vanquished.

Grand Total: 502 creatures vanquished

Notes
Turn   | Place    | Note
-------+----------+-------------------------------------------
     0 | D:1      | Colliwobble the Minotaur Berserker began the quest for the Orb.
     0 | D:1      | Reached XP level 1. HP: 19/19 MP: 0/0
    51 | D:1      | Reached skill level 4 in Axes
    74 | D:1      | Reached XP level 2. HP: 22/26 MP: 1/1
   257 | D:1      | Found a glowing golden altar of the Shining One.
   859 | D:2      | Reached skill level 5 in Axes
   864 | D:2      | Reached XP level 3. HP: 31/31 MP: 2/2
  1032 | D:2      | Noticed Ijyb
  1049 | D:2      | Killed Ijyb
  1283 | D:3      | Reached XP level 4. HP: 36/39 MP: 3/3
  1292 | D:3      | Found a snail-covered altar of Cheibriados.
  1360 | D:3      | Reached ** piety under Trog
  1360 | D:3      | Reached skill level 6 in Axes
  1403 | D:3      | Found a glowing silver altar of Zin.
  1441 | D:3      | Found a sparkling altar of Nemelex Xobeh.
  1483 | D:3      | Noticed an ice beast
  1825 | D:4      | Reached skill level 7 in Axes
  1825 | D:4      | Reached XP level 5. HP: 45/45 MP: 4/4
  2087 | D:3      | Killed an ice beast
  2087 | D:3      | Reached skill level 8 in Axes
  2087 | D:3      | Reached XP level 6. HP: 43/51 MP: 5/5
  2114 | D:5      | Entered Level 5 of the Dungeon
  2248 | D:5      | Noticed Dowan
  2269 | D:5      | Noticed Duvessa
  2273 | D:5      | Killed Dowan
  2582 | D:5      | Killed Duvessa
  2582 | D:5      | Reached skill level 9 in Axes
  2636 | D:5      | Found a staircase to the Ecumenical Temple.
  2724 | D:5      | Noticed Edmund
  2740 | D:5      | Killed Edmund
  2740 | D:5      | Reached skill level 10 in Axes
  2740 | D:5      | Reached XP level 7. HP: 35/57 MP: 6/6
  2765 | Temple   | Entered the Ecumenical Temple
  3073 | D:6      | Found a shadowy altar of Dithmenos.
  3267 | D:6      | Noticed a two-headed ogre
  3276 | D:6      | Killed a two-headed ogre
  3276 | D:6      | Reached skill level 12 in Axes
  3276 | D:6      | Reached XP level 8. HP: 45/64 MP: 7/7
  3478 | D:6      | Reached skill level 13 in Axes
  3799 | D:6      | Found a sacrificial altar of Ru.
  4201 | D:7      | Reached *** piety under Trog
  4201 | D:7      | Reached XP level 9. HP: 39/70 MP: 8/8
  4244 | D:7      | Reached skill level 14 in Axes
  4381 | D:7      | Found a hazy altar of Hepliaklqana.
  4444 | D:7      | Noticed pichaelthompson's ghost (novice DsGl)
  4512 | D:7      | Killed pichaelthompson's ghost
  4569 | D:7      | Reached skill level 15 in Axes
  4801 | D:8      | Found a shattered altar of Ashenzari.
  4988 | D:8      | Noticed a two-headed ogre
  4994 | D:8      | Killed a two-headed ogre
  4994 | D:8      | Reached skill level 16 in Axes
  5457 | D:8      | Reached XP level 10. HP: 59/79 MP: 9/9
  5697 | D:8      | Found an opulent altar of Gozag.
  5786 | D:8      | Reached skill level 5 in Fighting
  5957 | D:8      | Reached **** piety under Trog
  5960 | D:8      | Reached skill level 5 in Armour
  6061 | D:9      | Noticed a cyan ugly thing
  6071 | D:9      | Killed a cyan ugly thing
  6348 | D:9      | Found Tohyasme's Magic Scroll Shoppe.
  6358 | D:9      | Bought a scroll of identify for 30 gold pieces
  6358 | D:9      | Bought a scroll of identify for 30 gold pieces
  6358 | D:9      | Bought a scroll of identify for 30 gold pieces
  6358 | D:9      | Bought a scroll of identify for 30 gold pieces
  6363 | D:9      | Gained mutation: You have an increased reservoir of magic. (+10% MP) [potion of beneficial mutation]
  6878 | D:9      | Noticed a two-headed ogre
  6889 | D:9      | Killed a two-headed ogre
  7120 | D:9      | Received a gift from Trog
  7120 | D:9      | Reached XP level 11. HP: 80/95 MP: 11/11
  7291 | D:10     | Entered Level 10 of the Dungeon
  7688 | D:10     | Noticed a two-headed ogre
  7697 | D:10     | Killed a two-headed ogre
  7759 | D:10     | Paralysed by a hornet for 2 turns
  8332 | D:10     | Reached skill level 10 in Fighting
  8453 | D:10     | Found a staircase to the Lair.
  8541 | Lair:1   | Entered Level 1 of the Lair of Beasts
  8542 | Lair:1   | Noticed a six-headed hydra
  8554 | Lair:1   | Killed a six-headed hydra
  8754 | Lair:1   | Reached skill level 10 in Armour
  8778 | Lair:1   | Reached ***** piety under Trog
  8807 | Lair:1   | Noticed an eight-headed hydra
  9050 | Lair:1   | Killed an eight-headed hydra
 10057 | Lair:2   | Noticed Prince Ribbit
 10134 | Lair:2   | Killed Prince Ribbit
 10198 | Lair:2   | Noticed Urug
 10463 | Lair:2   | Killed Urug
 10463 | Lair:2   | Reached XP level 12. HP: 112/112 MP: 12/12
 10883 | Lair:2   | Noticed a queen ant
 10913 | Lair:2   | Killed a queen ant
 12038 | Lair:2   | Noticed Harold
 12051 | Lair:2   | Killed Harold
 13606 | Lair:3   | Received a gift from Trog
 13923 | Lair:3   | Found a staircase to the Swamp.
 14115 | Lair:3   | Reached XP level 13. HP: 96/125 MP: 13/13
 14401 | Lair:4   | Upgraded the game from 0.20-a0-492-g6327889 to 0.20-a0-493-g19c8d8d
 14623 | Lair:4   | Found a hole to the Spider Nest.
 15424 | Lair:5   | Reached skill level 15 in Fighting
 15649 | Lair:5   | Received a gift from Trog
 15655 | Lair:5   | Gained mutation: You are robust. (+10% HP) [potion of beneficial mutation]
 16429 | Lair:5   | Reached skill level 15 in Armour
 17183 | D:11     | Reached skill level 1 in Bows
 18515 | D:12     | Found a staircase to the Orcish Mines.
 18554 | D:12     | Reached ****** piety under Trog
 18866 | D:12     | Received a gift from Trog
 18866 | D:12     | Reached skill level 5 in Bows
 19006 | D:12     | Reached skill level 17 in Axes
 19220 | Orc:1    | Entered Level 1 of the Orcish Mines
 19401 | Orc:2    | Entered Level 2 of the Orcish Mines
 19403 | Orc:2    | Found Seuv's General Store.
 19438 | Orc:2    | Reached XP level 14. HP: 148/148 MP: 4/14
 19441 | Orc:2    | Noticed an orc warlord
 19452 | Orc:2    | HP: 7/148 [orc warrior/glaive (5)]
 19452 | Orc:2    | HP: 1/148 [orc warrior/trident (6)]
 19458 | Orc:1    | HP: 6/148 [orc warrior/long sword (8)]
 19460 | Orc:1    | Slain by an orc warrior

Vault maps used:
D:1:      minmay_arrival_doors, tso_altar
D:2:      minmay_tromino_mix6, uniq_iyjb
D:3:      lemuel_crystal_altar, old_standard_altar,
          nemelex_xobeh_ov_fountains_minmay
D:4:      minmay_fountain_box
D:5:      first_bread, uniq_edmund, uniq_duvessa
D:6:      nicolae_dithmenos_the_darkroom, hangedman_decor_lopped,
          nicolae_ru_the_path_less_chosen
D:7:      old_standard_altar
D:8:      cheibrodos_ashenzari_chains, nicolae_overflow_crystal_walls,
          hangedman_pestilent_swarm
D:9:      minmay_shop_grid_forest
D:10:     minmay_lair_entry_lava, minmay_misc_feat_x
D:12:     zombieorc2_lemuel, st_stairs_3
Temple:   nicolae_temple_figure_eight
Lair:1:   grunt_megastairs_5
Lair:2:   minivault_29, uniq_urug, uniq_prince_ribbit2, uniq_harold
Lair:3:   minmay_swamp_entry_worms, serial_forest,
          infiniplex_forest_lined_corner, infiniplex_forest_clump_C,
          infiniplex_forest_clump_diagonal, infiniplex_forest_end_2,
          infiniplex_forest_straight_3, ldierk_geyser, grunt_megastairs_4
Lair:4:   spider_nest_entry_a
Lair:5:   st_stairs_8, infiniplex_staircase_pool_2, serial_bayou_shore_a
Orc:1:    lemuel_statue_altar
Orc:2:    grunt_orc_gardens, grunt_orc_garden, grunt_orc_garden,
          grunt_orc_garden, grunt_orc_garden, basic_altar, minmay_orc_temple_c

Skill      XL: |  1  2  3  4  5  6  7  8  9 10 11 12 13 |
---------------+----------------------------------------+-----
Axes           | 4 5 7 8 10 12 13 16 17 | 17.3
Fighting       | 4 8 11 14 15 | 15.4
Armour         | 3 8 11 14 15 | 15.1
Bows           | 6 |  6.2
Dodging        | |  2.1

Action                   |  1- 3 |  4- 6 |  7- 9 | 10-12 | 13-15 || total
-------------------------+-------+-------+-------+-------+-------++-------
Melee: Hand axe          |    56 |    85 |    33 |       |       ||   174
       Headbutt          |     7 |    20 |    39 |   163 |    70 ||   299
       War axe           |       |       |   131 |   581 |       ||   712
       Mace              |       |       |       |     8 |    18 ||    26
       Battleaxe         |       |       |       |    24 |    63 ||    87
       Executioner's axe |       |       |       |       |   268 ||   268
 Fire: Hunting sling     |     6 |       |     7 |     5 |       ||    18
       Shortbow          |       |       |       |    28 |    11 ||    39
Throw: Tomahawk          |       |       |     3 |       |       ||     3
Invok: Berserk           |       |     1 |     1 |     6 |     4 ||    12
       Burn Spellbooks   |       |       |     2 |     2 |       ||     4
       Trog's Hand       |       |       |       |     2 |     1 ||     3
Evoke: Wand              |       |     1 |       |       |       ||     1
  Use: Scroll            |       |       |     6 |     7 |     6 ||    19
       Potion            |       |       |       |     3 |     2 ||     5
 Stab: Sleeping          |       |     1 |     5 |     4 |     3 ||    13
       Distracted        |       |       |       |     1 |       ||     1
  Eat: Chunk             |     1 |     5 |    19 |    36 |    29 ||    90
       Royal jelly       |       |       |       |       |     1 ||     1
Armor: Animal skin       |     1 |       |       |       |       ||     1
       Ring mail         |    15 |    35 |    41 |   178 |   151 ||   420
       Skin              |       |       |       |     7 |       ||     7
       Plate armour      |       |       |       |       |    36 ||    36
Dodge: Dodged            |    36 |    28 |    59 |   299 |   195 ||   617
